 Dungeon Crawl Stone Soup version 0.19-a0-1008-g4c63d25 (webtiles) character file.

26 Implojin the Ruffian (level 2, -1/29 HPs)
             Began as a Troll Fighter on July 21, 2016.
             Slain by a gnoll (3 damage)
             ... on level 4 of the Dungeon.
             The game lasted 00:01:41 (242 turns).

Implojin the Ruffian (Troll Fighter)                 Turns: 242, Time: 00:01:41

Health: -1/29      AC:  5    Str: 23    XL:     2   Next: 89%
Magic:  1/1        EV:  8    Int:  4    God:
Gold:   55         SH:  8    Dex:  9    Spells: 0 memorised, 1 level left

rFire  . . .     SeeInvis .       - Unarmed
rCold  . . .     Gourm    +     a - +0 robe
rNeg   . . .     Faith    .     b - +0 shield
rPois  .         Spirit   .     (helmet restricted)
rElec  .         Dismiss  .     (no cloak)
rCorr  .         Reflect  .     (gloves unavailable)
SustAt .         Harm     .     (boots unavailable)
MR     .....                    (no amulet)
Stlth  +.........               (no ring)
                                g - ring of wizardry

@: not resistant to hostile enchantments, very unstealthy
A: unfitting armour, claws 3, fast metabolism 3, gourmand, regeneration 2,
shaggy fur 1, tough skin 2
a: no special abilities


You were on level 4 of the Dungeon.
You were full.

You visited 1 branch of the dungeon, and saw 4 of its levels.

You collected 55 gold pieces.

Inventory:

Armour
 a - a +0 robe (worn)
 b - a +0 shield (worn)
Jewellery
 g - a ring of wizardry (left claw)
Scrolls
 e - a scroll of amnesia {unknown}
 i - a scroll of random uselessness {unknown}
Potions
 c - a potion of might
 f - a potion of brilliance {unknown}
 h - a potion of beneficial mutation {unknown}
 j - a potion of agility {unknown}
Comestibles
 d - 2 bread rations


   Skills:
 - Level 2.4 Fighting
 - Level 2.4 Dodging
 - Level 2.4 Shields
 * Level 3.4 Unarmed Combat


You had one spell level left.
You didn't know any spells.

Dungeon Overview and Level Annotations

Branches:
Dungeon (4/15)
 Temple: D:4-7

Altars:

Shops:
D:4 *


Innate Abilities, Weirdness & Mutations

You are too large for most types of armour.
You have claws for hands.
Your metabolism is lightning-fast.
You like to eat raw meat.
You heal very quickly.
You are covered in fur. (AC +1)
You have very tough skin. (AC +2)


Message History

* * * LOW HITPOINT WARNING * * *
Unknown command.
You closely miss the orc.
The giant newt bites you but does no damage.
You block the orc's attack. The giant newt bites you.
* * * LOW HITPOINT WARNING * * *
Unknown command.
You completely miss the orc. The orc hits you with a club.
* * * LOW HITPOINT WARNING * * *
The giant newt bites you but does no damage.
Unknown command.
You barely miss the orc. The orc barely misses you.
You block the giant newt's attack.
You claw the orc!
You kill the orc!
You block the giant newt's attack.
You completely miss the gnoll. The giant newt closely misses you.
The gnoll hits you with a club.
* * * LOW HITPOINT WARNING * * *
Unknown command.
You claw the gnoll!
The gnoll is almost dead.
The giant newt barely misses you. The gnoll hits you with a club!
* * * LOW HITPOINT WARNING * * *
Unknown command.
You barely miss the gnoll.
The gnoll is severely wounded.
You block the giant newt's attack.
You scratch the gnoll but do no damage.
The giant newt bites you but does no damage.
Unknown command.
You closely miss the gnoll. You block the giant newt's attack.
The gnoll hits you.
* * * LOW HITPOINT WARNING * * *
Unknown command.
You claw the gnoll!
The gnoll is heavily wounded.
The giant newt bites you but does no damage.
The gnoll hits you.
You die...

...... .. ...... .. ..
........ ... ####..# #.#
..##..# #####.# ..'...#
#.....# ..#...# #.....#
.)#...# +..†..# . ..#...#
#...@l# $..
..###############g#.....
................ggg......
.........................
.).......................
.........................
.........................
).##'##.....#######......
..#...#.....# ......


You could see 3 gnolls and a giant newt.

Vanquished Creatures
  A worm (D:2)
  A dart slug (D:4)
  A giant gecko (D:2)
  3 orcs
  A giant cockroach (D:4)
  A goblin (D:3)
  3 hobgoblins
  A kobold (D:3)
  A quokka (D:4)
  A bat (D:3)
  2 rats
16 creatures vanquished.

Notes
Turn   | Place    | Note
-------+----------+-------------------------------------------
     0 | D:1      | Implojin the Troll Fighter began the quest for the Orb.
     0 | D:1      | Reached XP level 1. HP: 22/22 MP: 0/0
    81 | D:3      | Reached XP level 2. HP: 23/29 MP: 1/1
   101 | D:4      | Found Poesit's General Store.
   123 | D:4      | Reached skill level 3 in Unarmed Combat
   242 | D:4      | Slain by a gnoll

Vault maps used:
D:1:      dpeg_arrival_radiant
D:2:      nicolae_overflow_crystal_walls, item_on_display_b
D:3:      fedhas_altar_4, first_bread
D:4:      serial_shops, nicolae_shop_waterfront, uniq_blork_the_orc

Skill      XL: |  1  2 |
---------------+-------+-----
Unarmed Combat | 3 |  3.4
Fighting       | |  2.4
Dodging        | |  2.4
Shields        | |  2.4

Action                   || total
-------------------------++-------
Melee: Unarmed           ||    45
  Eat: Chunk             ||     4
Armor: Robe              ||    15
Dodge: Dodged            ||    13
Block: Shield            ||    28

Table legend:
 A = Turns spent in this place as a percentage of turns spent in the entire game.
 B = Non-inter-level travel turns spent in this place as a percentage of non-inter-level travel turns spent in the entire game.
 C = Inter-level travel turns spent in this place as a percentage of turns spent in this place.
 D = Turns resting spent in this place as a percentage of non-inter-level travel turns spent in this place.
 E = Turns spent auto-exploring this place as a percentage of non-inter-level travel turns spent in this place.
 F = Non-inter-level travel turns spent in this place divided by the number of levels of this place that you've seen.
                   A       B       C       D       E      F
               +-------+-------+-------+-------+-------+----------------------
         Total | 100.0 | 100.0 |   0.0 |   0.0 |   0.0 |  60.2
       Dungeon | 100.0 | 100.0 |   0.0 |   0.0 |   0.0 |  60.2
               +-------+-------+-------+-------+-------+----------------------

Table legend:
 A = Kills in this place as a percentage of kills in entire the game.
 B = Kills by you in this place as a percentage of kills by you in the entire game.
 C = Kills by friends in this place as a percentage of kills by friends in the entire game.
 D = Other kills in this place as a percentage of other kills in the entire game.
 E = Experience gained in this place as a percentage of experience gained in the entire game.
 F = Experience gained in this place divided by the number of levels of this place that you have seen.
                   A       B       C       D       E      F
               +-------+-------+-------+-------+-------+----------------------
         Total | 100.0 | 100.0 |  -nan |  -nan | 100.0 |   9.5
       Dungeon | 100.0 | 100.0 |  -nan |  -nan | 100.0 |   9.5
               +-------+-------+-------+-------+-------+----------------------
